 Dungeon Crawl Stone Soup version 0.20.1-1-g8b1a95d (webtiles) character file.

88 vishdafish the Sneak (level 4, -1/34 HPs)
             Began as a Demonspawn Assassin on July 11, 2017.
             Slain by a kobold
             ... wielding a +0 whip
              (4 damage)
             ... on level 3 of the Dungeon.
             The game lasted 00:05:06 (2618 turns).

vishdafish the Sneak (Demonspawn Assassin)          Turns: 2618, Time: 00:05:07

Health: -1/34      AC:  3    Str: 12    XL:     4   Next: 29%
Magic:  4/4        EV: 12    Int: 12    God:
Gold:   68         SH:  0    Dex: 15    Spells: 3/3 levels left

rFire    + . .     SeeInvis .   i - -1 dagger (curse)
rCold    . . .     Gourm    .   (no shield)
rNeg     + . .     Faith    .   c - +0 robe
rPois    .         Spirit   .   (no helmet)
rElec    .         Reflect  .   q - +0 cloak
rCorr    .         Harm     .   (no gloves)
MR       .....                  (no boots)
Stlth    +++.......             (no amulet)
Regen    0.2/turn               l - ring of positive energy
MPRegen  0.1/turn               o - ring of protection from fire

@: no status effects
A: talons 1, powered by pain 1
a: no special abilities


You were on level 3 of the Dungeon.
You were not hungry.

You visited 1 branch of the dungeon, and saw 3 of its levels.

You collected 68 gold pieces.

Inventory:

Hand Weapons
 a - a +2 dagger
 b - a +0 blowgun
 i - a cursed -1 dagger (weapon)
Missiles
 e - 44 poisoned needles
 f - 2 curare-tipped needles
Armour
 c - a +0 robe (worn)
 d - a +0 cloak
 q - a +0 cloak (worn)
Jewellery
 l - a ring of positive energy (left hand)
 o - a ring of protection from fire (right hand)
Scrolls
 j - 2 scrolls of teleportation
 s - a scroll of noise
Potions
 k - a potion of haste {unknown}
 m - a potion of brilliance {unknown}
 p - 2 potions of flight
Comestibles
 n - a royal jelly
 r - a meat ration


   Skills:
 + Level 2.6 Fighting
 * Level 3.1 Short Blades
 - Level 1.7 Throwing
 + Level 1.3 Dodging
 + Level 4.1 Stealth


You had 3 spell levels left.
You didn't know any spells.

Dungeon Overview and Level Annotations

Branches:
Dungeon (3/15)

Altars:

Annotations:
D:2 Sigmund


Innate Abilities, Weirdness & Mutations

You have sharp toenails.
You sometimes gain a little power by taking damage.


Message History

The kobold shouts!
The kobold unwields an uncursed whip.
The kobold wields a hunting sling.
The kobold shoots a stone.
The stone hits you.
* * * LOW HITPOINT WARNING * * *
You see here a stone.
The kobold shoots a stone.
The stone barely misses you.
The kobold shoots a stone.
The stone hits you.
* * * LOW HITPOINT WARNING * * *
You see here a stone.
You hit the kobold but do no damage. Your kick misses the kobold.
The kobold unwields an uncursed hunting sling.
The kobold wields an uncursed whip.
The kobold hits you with an uncursed whip.
* * * LOW HITPOINT WARNING * * *
You hit the kobold but do no damage. Your kick misses the kobold.
The kobold hits you with an uncursed whip.
* * * LOW HITPOINT WARNING * * *
You barely miss the kobold.
The kobold hits you with an uncursed whip.
You die...

.## #.. .. #.. .. ... #.
.##.# #.. ...# # ..
#..#.# #..#.K#.# #
#..#.@..###########
.#.##.##(####........#
......%..# #.....[..#
.##.#....####........#
#..(..†.<........#
......#..####...........#
#........# #.........(.#
#'#....... ######......#
.....#....# ......#


You could see a kobold.

Vanquished Creatures
  2 adders
  2 oozes
  2 worms (D:2)
  A dart slug (D:1)
  A leopard gecko (D:2)
  4 giant cockroaches
  9 goblins
  7 hobgoblins
  4 jackals (D:3)
  2 ball pythons
  5 bats
  2 frilled lizards (D:1)
  4 kobolds
  4 rats (D:1)
49 creatures vanquished.

Notes
Turn   | Place    | Note
-------+----------+-------------------------------------------
     0 | D:1      | vishdafish the Demonspawn Assassin began the quest for the Orb.
     0 | D:1      | Reached XP level 1. HP: 16/16 MP: 1/1
    41 | D:1      | Reached skill level 1 in Dodging
   421 | D:1      | Gained mutation: You have sharp toenails. [demonic ancestry]
   421 | D:1      | Reached XP level 2. HP: 20/22 MP: 2/2
   494 | D:1      | HP: 1/22 [rat (2)]
  1118 | D:1      | Gained mutation: You sometimes gain a little power by taking damage. [demonic ancestry]
  1118 | D:1      | Reached XP level 3. HP: 26/27 MP: 3/3
  1502 | D:2      | Reached skill level 4 in Stealth
  1699 | D:2      | Noticed Sigmund
  1981 | D:2      | Reached XP level 4. HP: 34/34 MP: 4/4
  2618 | D:3      | Slain by a kobold

Skill      XL: |  1  2  3 |
---------------+----------+-----
Short Blades   | 2 3 |  3.1
Dodging        | 1 |  1.3
Stealth        | 4 |  4.1
Fighting       | |  2.6
Throwing       | |  1.7

Action                   |  1- 3 |  4- 6 || total
-------------------------+-------+-------++-------
Melee: Dagger            |   175 |    68 ||   243
       Kick              |    44 |    16 ||    60
 Fire: Blowgun           |     4 |       ||     4
  Use: Scroll            |     1 |     2 ||     3
       Potion            |       |     2 ||     2
 Stab: Sleeping          |     4 |       ||     4
  Eat: Chunk             |     2 |       ||     2
       Bread ration      |     1 |       ||     1
Armor: Robe              |    47 |    13 ||    60
Dodge: Dodged            |   119 |    36 ||   155
